AoeStats
← rkdestroyer

Arena

509610566Analyzed
1v1 RM · 5d ago on Sep 27, 2026· 45m 19s· 2 players
Game mode
Random Map
Map size
Tiny (2 player)
Population
200
Speed
Normal
Resources
Standard
Victory
Conquest
Starting age
Dark Age
Ending age
Imperial Age
RankedLock teamsTeams togetherTeam positionsShared explorationLock speedFull tech treeHidden civsTurbo modeCheats
Victory
Defeat
🇨🇿 Franks · Czechia
599
+13
🇦🇷 Khmer · Argentina
524
-13
rkdestroyer
2:13 Loom
10:17 Feudal Age
19:21 Castle Age
20:38 Wheelbarrow
19:47 Horse Collar
21:57 Double-Bit Axe
24:12 Heavy Plow
26:28 Hand Cart
30:34 Imperial Age
28:22 Town Watch
28:47 Fletching
28:58 Scale Mail Armor
29:00 Padded Archer Armor
29:01 Stone Mining
30:39 Pikeman
31:38 Chain Mail Armor
31:34 Forging
31:21 Bodkin Arrow
32:09 Stone Shaft Mining
31:26 Gold Mining
32:08 Crop Rotation
32:14 Murder Holes
33:04 Town Patrol
34:10 Gold Shaft Mining
33:59 Bow Saw
34:05 Elite Skirmisher
34:49 Bracer
35:53 Chemistry
35:32 Leather Archer Armor
36:15 Scale Barding Armor
36:46 Iron Casting
35:55 Halberdier
38:57 Cavalier
39:38 Husbandry
39:02 Light Cavalry
39:53 Bloodlines
39:07 Crossbowman
41:34 Blast Furnace
40:00 Man-at-Arms
42:06 Chain Barding Armor
Lordislav
11:05 Feudal Age
13:57 Stone Mining
16:12 Castle Age
15:42 Double-Bit Axe
21:16 Gold Mining
27:57 Loom
32:14 Imperial Age
30:23 Forging
30:24 Scale Barding Armor
30:18 Treadmill Crane
32:15 Iron Casting
33:24 Wheelbarrow
34:28 Blast Furnace
33:49 Chain Barding Armor
35:47 Bow Saw
36:24 Gold Shaft Mining
37:06 Plate Barding Armor
36:36 Fletching
37:00 Masonry
37:58 Conscription
37:42 Cavalier
38:27 Chivalry
38:45 Husbandry
39:06 Paladin
41:55 Bodkin Arrow
42:59 Capped Ram
Connection lost

Rejoining the realm…

Still unreachable

The connection could not be restored.

Session expired

The server has moved on; the page needs a fresh start.